 Dungeon Crawl Stone Soup version 0.28-a0-932-g843f935a50 (webtiles) character file.

Game seed: 3864857343087227986

54 enile the Firebug (level 3, -3/20 HPs)
             Began as a Tengu Fire Elementalist on Nov 28, 2021.
             Slain by Terence (10 damage)
             ... on level 2 of the Dungeon.
             The game lasted 00:04:30 (1555 turns).

enile the Firebug (Tengu Fire Elementalist)         Turns: 1555, Time: 00:04:31

Health: -3/20      AC:  2    Str:  8    XL:     3   Next: 91%
Magic:  8/8        EV: 12    Int: 16    God:
Gold:   31         SH:  0    Dex: 14    Spells: 5/8 levels left

rFire   . . .      SeeInvis .     - Unarmed
rCold   . . .      Faith    .   (no shield)
rNeg    . . .      Spirit   .   a - +0 robe
rPois   .          Reflect  .   (helmet restricted)
rElec   .          Harm     .   (no cloak)
rCorr   .          Rampage  .   (no gloves)
Will    .....                   (boots unavailable)
Stlth   ++........              (no amulet)
HPRegen 0.06/turn               (no ring)
MPRegen 0.11/turn               (no ring)

@: no status effects
A: beak, talons 3
a: no special abilities


You were on level 2 of the Dungeon.
You visited 1 branch of the dungeon, and saw 2 of its levels.

You collected 31 gold pieces.

Inventory:

Armour
 a - a +0 robe (worn)
Jewellery
 g - an amulet of reflection
Scrolls
 d - 3 scrolls of identify {unknown}


   Skills:
 - Level 1.0 Fighting
 + Level 2.7 Dodging
 - Level 2.0 Stealth
 - Level 1.0 Unarmed Combat
 - Level 3.0 Spellcasting
 - Level 2.0 Conjurations
 - Level 3.2 Fire Magic


You had 5 spell levels left.
You knew the following spells:

 Your Spells              Type           Power      Damage    Failure   Level
a - Foxfire               Conj/Fire      40%        2x1d6     6%          1
b - Scorch                Fire           24%        2d6       8%          2

Your spell library contained the following spells:

 Spells                   Type           Power      Damage    Failure   Level
 Conjure Flame            Conj/Fire      10%        6-21      19%         3
 Inner Flame              Hex/Fire       7%         N/A       28%         3
 Flame Wave               Conj/Fire      10%        3d4       54%         4


Dungeon Overview and Level Annotations

Branches:
Dungeon (2/15)

Altars:

Annotations:
D:2 Terence


Innate Abilities, Weirdness & Mutations

You have a beak for a mouth.
You have claws for feet.


Message History

You see here a book of Debilitation.
Casting: Scorch (safe; 8% risk of failure)
Confirm with . or Enter, or press ? or * to list all spells.
Flames lash the endoplasm.
You kill the endoplasm!
Terence shouts, "Get ready for death!"
Terence hits you with a +0 flail!
* * * LOW HITPOINT WARNING * * *
Terence misses you.
You are starting to lose your buoyancy.
Terence says, "Rest in peace."
Casting: Scorch (safe; 8% risk of failure)
Confirm with . or Enter, or press ? or * to list all spells.
Flames lash Terence but do no damage.
Terence hits you with a +0 flail.
* * * LOW HITPOINT WARNING * * *
Terence closely misses you. Terence closely misses you.
Terence closely misses you.
You float gracefully downwards.
Terence closely misses you.
You see here a rat skeleton.
Terence looks scornfully at you. Terence looks scornfully at you.
Terence screams, "I want your blood!" Terence says, "How do you enjoy it?"
There is a stone staircase leading down here.
There is an escape hatch in the floor here. 4 gnolls come into view.
Found an escape hatch in the ceiling.
The gnoll shouts! x3
The gnoll moves out of view.
As you read the scroll labelled SIUDGH DEFI, it crumbles to dust.
It is a scroll of amnesia.
Okay, then.
As you read the scroll labelled IXACWU RAPO, it crumbles to dust.
It is a scroll of brand weapon.
You aren't carrying any weapons that can be branded.
Terence hits you with a +0 flail!
Ouch! That really hurt!
You die...

##### ##########
#...#
####.........
#...#
#.##.........
#...#
##.##.......g<
#...#
####..##......g..
....#
#.....##...g.g...
#...# ##.###.#
#@# #...###..#
#.###@##.####
##.###..##
#..#.........#
##.##..##
##.#.#.......#
##....##
#>#.#.......#
##..##
#.#.#.......#
#...#
#.#.#.......#
##.#.##
##.#.........#
#..#..#
##...>........#


You could see Terence and 4 gnolls.

Vanquished Creatures
  2 adders (D:2)
  2 dart slugs
  4 ball pythons (D:1)
  4 bats
  5 endoplasms
  A giant cockroach (D:2)
  A goblin (D:2)
  3 hobgoblins (D:1)
  4 kobolds
  A quokka (D:1)
  2 frilled lizards (D:1)
  3 rats
32 creatures vanquished.

Vanquished Creatures (others)
  100 foxfires
100 creatures vanquished.

Grand Total: 132 creatures vanquished

Notes
Turn   | Place    | Note
-------+----------+-------------------------------------------
     0 | D:1      | enile the Tengu Fire Elementalist began the quest for the
                  | Orb.
     0 | D:1      | Reached XP level 1. HP: 10/10 MP: 4/4
    48 | D:1      | Reached skill level 1 in Fighting
   178 | D:1      | Reached XP level 2. HP: 16/16 MP: 4/6
   814 | D:1      | Reached XP level 3. HP: 20/20 MP: 4/8
   875 | D:1      | Learned a level 2 spell: Scorch
   957 | D:2      | Reached skill level 1 in Unarmed Combat
  1423 | D:2      | Noticed Terence
  1458 | D:2      | HP: 1/20 [Terence (5)]
  1555 | D:2      | Slain by Terence

Illustrated notes

Levels and vault maps discovered:
D:1:      giann_horns, layout_rooms
D:2:      layout_rooms, grunt_decor_resistance, uniq_jessica, uniq_terence

Skill      XL: |  1  2  3 |
---------------+----------+-----
Fighting       | 1 |  1.0
Spellcasting   | 3 |  3.0
Unarmed Combat | 1 |  1.0
Conjurations   | 2 |  2.0
Dodging        | |  2.7
Stealth        | |  2.0
Fire Magic     | |  3.2

Action                   || total
-------------------------++-------
Melee: Unarmed           ||     6
       Kick              ||     1
       Peck              ||     1
 Cast: Foxfire           ||    64
       Scorch            ||     8
  Use: Scroll            ||     2
       Potion            ||     2
Armor: Robe              ||     1
Dodge: Dodged            ||    14

Table legend: (Time is in decaauts)
 A = Elapsed time spent in this place.
 B = Non-inter-level travel time spent in this place.
 C = Inter-level travel time spent in this place.
 D = Time resting spent in this place.
 E = Time spent auto-exploring this place.
 F = Levels seen in this place.
 G = Mean time per level.
                   A        B        C        D        E       F      G
               +--------+--------+--------+--------+--------+-----+--------+
         Total |   1554 |   1509 |     45 |      0 |   1171 |   2 |  777.0 |
       Dungeon |   1554 |   1509 |     45 |      0 |   1171 |   2 |  777.0 |
               +--------+--------+--------+--------+--------+-----+--------+

Top non-repeatable levels by time:
     D:1: 949 daAuts
     D:2: 605 daAuts
